Get step-by-step instructions on how to execute this build order below. Start the game timer, and the build order will tick by so you can play in parallel with StarCraft on a second screen or mobile device.

Game Time

  0:00

Last Step

  N/A

Next Step

  12  0:00  Probe  

Upcoming Step

  13  0:12  Probe  

Don't want to look back and forth between 2 screens? Try out our Overwolf App, the Spawning Tool Build Advisor to get an in-game overlay with this build!

Complete Build Order

  12  0:00  Probe  
  13  0:12  Probe  
  14  0:17  Pylon  
  14  0:24  Probe (Chrono Boost)  
  15  0:36  Probe (Chrono Boost), Gateway  
  16  0:44  Probe (Chrono Boost)  
  16  0:46  Assimilator  
  17  0:50  Probe  
  18  1:03  Probe  
  19  1:15  Probe  
  20  1:23  Cybernetics Core  
  20  1:32  Nexus  
  20  1:35  Probe  
  21  1:41  Pylon  
  21  1:47  Probe  
  21  1:50  Assimilator  
  22  1:57  Adept (Chrono Boost)  
  22  1:59  Probe  
  22  2:01  Warp Gate  
  25  2:11  Probe  
  26  2:19  Stalker  
  28  2:23  Probe (Chrono Boost)  
  28  2:26  Shield Battery  
  29  2:35  Probe (Chrono Boost)  
  29  2:36  Twilight Council  
  32  2:45  Probe (Chrono Boost)  
  32  2:46  Probe (Chrono Boost)  
  33  2:53  Probe (Chrono Boost)  
  33  2:54  Stalker, Probe (Chrono Boost)  
  33  2:58  Probe (Chrono Boost)  
  36  3:02  Probe  
  36  3:05  Blink (Chrono Boost)  
  38  3:06  Gateway  
  39  3:15  Probe  
  39  3:17  Probe  
  40  3:25  Pylon  
  40  3:27  Probe  
  40  3:29  Probe  
  42  3:37  Robotics Facility  
  42  3:39  Probe  
  43  3:43  Probe, Assimilator  
  44  3:50  Stalker  
  44  3:51  Probe  
  44  3:54  Assimilator  
  44  3:55  Probe  
  48  4:00  Stalker  
  48  4:01  Pylon  
  50  4:03  Probe  
  50  4:05  Pylon  
  50  4:07  Probe  
  52  4:15  Probe  
  53  4:19  Stalker  
  51  4:26  Stalker  
  51  4:28  Probe  
  51  4:31  Probe  
  55  4:32  Observer  
  55  4:36  Robotics Bay  
  56  4:40  Probe  
  56  4:43  Probe  
  58  4:46  Nexus  
  58  4:50  Observer (Chrono Boost)  
  58  4:51  Pylon  
  59  4:54  Probe  
  59  4:55  Probe  
  59  4:58  Forge  
  61  5:05  Immortal (Chrono Boost)  
  61  5:08  Probe  
  61  5:10  Probe  
  61  5:14  Charge  
  67  5:21  Gateway  
  67  5:22  Probe x2  
  67  5:24  Sentry  
  67  5:25  Observer  
  71  5:30  Pylon  
  71  5:34  Colossus (Chrono Boost)  
  71  5:38  Probe, Protoss Ground Weapons Level 1 (Chrono Boost)  
  78  5:48  Probe  
  78  5:49  Gateway  
  78  5:50  Probe  
  78  5:54  Extended Thermal Lance  
  79  5:57  Gateway  
  79  5:58  Probe  
  79  6:00  Probe  
  79  6:03  Probe  
  82  6:10  Probe  
  83  6:11  Colossus (Chrono Boost)  
  83  6:17  Shield Battery  
  89  6:25  Stalker x2  
  91  6:27  Probe  
  91  6:32  Probe  
  92  6:37  Gateway  
  92  6:38  Sentry  
  92  6:39  Gateway  
  94  6:42  Pylon  
  94  6:43  Shield Battery  
  94  6:44  Pylon  
  94  6:51  Colossus (Chrono Boost), Gateway  
  94  6:58  Pylon  
  100  7:02  Probe x3  
  100  7:06  Sentry, Pylon  
  105  7:12  Zealot x3  
  105  7:13  Zealot  
  113  7:23  Nexus  
  113  7:27  Shield Battery  
  113  7:34  Zealot x4  
  113  7:35  Zealot  
  123  7:41  Immortal  
  125  7:50  Zealot x3, Pylon  
  129  7:59  Pylon  
  96  8:15  Zealot x8  
  106  8:20  Probe x3  
  99  8:30  Colossus (Chrono Boost)  
  99  8:32  Probe x3  
  99  8:33  Shield Battery  
  106  8:41  Stalker x3  
  112  8:42  Zealot  
  112  8:44  Probe, Zealot  
  112  8:45  Zealot  
  119  8:49  Zealot  
  119  8:52  Zealot  
  111  8:58  Probe  
  108  9:05  Stalker x3  
  108  9:07  Stalker  
  108  9:08  Stalker  
  110  9:10  Zealot  
  107  9:18  Zealot x2